 Dungeon Crawl Stone Soup version 0.21.1-1-g345015f (console) character file.

25 toffzen the Chopper (level 2, -3/25 HPs)
             Began as a Minotaur Warper on June 15, 2018.
             Slain by an ogre
             ... wielding a +0 giant club
              (28 damage)
             ... on level 2 of the Dungeon.
             The game lasted 00:02:48 (1276 turns).

toffzen the Chopper (Minotaur Warper)               Turns: 1276, Time: 00:02:48

Health: -3/25      AC:  5    Str: 15    XL:     2   Next: 86%
Magic:  3/3        EV: 11    Int: 10    God:
Gold:   65         SH:  0    Dex:  9    Spells: 3/3 levels left

rFire    . . .     SeeInvis .   a - +0 hand axe
rCold    . . .     Gourm    .   (no shield)
rNeg     . . .     Faith    .   k - +0 ring mail
rPois    .         Spirit   .   (helmet restricted)
rElec    .         Reflect  .   (no cloak)
rCorr    .         Harm     .   (no gloves)
MR       .....                  (no boots)
Stlth    ..........             (no amulet)
HPRegen  0.08/turn              (no ring)
MPRegen  0.08/turn              (no ring)

@: no status effects
A: retaliatory headbutt, horns 2
a: no special abilities


You were on level 2 of the Dungeon.
You were not hungry.

You visited 1 branch of the dungeon, and saw 2 of its levels.

You collected 65 gold pieces.

Inventory:

Hand Weapons
 a - a +0 hand axe (weapon)
Missiles
 i - 27 stones (quivered)
Armour
 k - a +0 ring mail (worn)
Wands
 m - a wand of paralysis (13)
 n - a wand of iceblast (10)
Scrolls
 b - a scroll of fear {unknown}
 d - a scroll of blinking
 g - a scroll of immolation {unknown}
 h - 2 scrolls of teleportation {unknown}
 o - a scroll of identify {unknown}
Potions
 l - 2 potions of brilliance {unknown}
Books
 c - a book of Spatial Translocations

   Spells                             Type                      Level
   a - Blink                          Translocation                2
   b - Shroud of Golubria             Charms/Translocation         2
   c - Lesser Beckoning               Translocation                3
   d - Gell's Gravitas                Translocation                3
   e - Teleport Other                 Translocation                3
   f - Passage of Golubria            Translocation                4
Comestibles
 f - 2 rations
 j - 2 chunks of flesh


   Skills:
 + Level 2.8 Fighting
 * Level 3.2 Axes
 - Level 1.0 Throwing
 + Level 1.9 Armour
 + Level 2.5 Dodging
 - Level 1.3 Spellcasting
   Level 2.1 Translocations


You had 3 spell levels left.
You didn't know any spells.

Dungeon Overview and Level Annotations

Branches:
Dungeon (2/15)

Altars:
Qazlal


Innate Abilities, Weirdness & Mutations

You reflexively headbutt those who attack you in melee.
You have a pair of horns on your head.


Message History

Throwing (i - inventory. (,) - cycle):
e - a tomahawk of dispersal (quivered)
Press: ? - help, Shift-Dir - straight line, f/p - ogre
Aim: an ogre, wielding a giant club (lightly wounded)
You throw a tomahawk of dispersal.
The tomahawk of dispersal hits the ogre!
The ogre blinks!
You hit the rat.
You kill the rat!
You see here a rat corpse.
You hit the ogre.
The ogre is heavily wounded.
The ogre barely misses you.
You hit the ogre.
The ogre is severely wounded.
The ogre closely misses you.
You hit the ogre.
The ogre is severely wounded.
The ogre hits you with a giant club!!
Ouch! That really hurt!
You die...

# ##.....##..# ###.#
#.#.......#..### ##.#
#.#.......#..... .#.####
....._.....##.##.#.#...
#.!.....#.......#.....
#...w...#.##.#.####.##
#.....##.........#.##
..####O####..######.#.##
#.......@.....# #.#.##
#.#.########### #.#.##
#.#.## #.#.## #.#.#
#.#.# #...# #####


You could see an ogre and a worm.

Vanquished Creatures
  3 leopard geckos
  2 bats
  A giant cockroach (D:2)
  A goblin (D:1)
  5 hobgoblins
  2 quokkas (D:2)
  A ball python (D:2)
  2 kobolds (D:1)
  3 rats
20 creatures vanquished.

Vanquished Creatures (others)
  A rat (D:1)
1 creature vanquished.

Grand Total: 21 creatures vanquished

Notes
Turn   | Place    | Note
-------+----------+-------------------------------------------
     0 | D:1      | toffzen the Minotaur Warper began the quest for the Orb.
     0 | D:1      | Reached XP level 1. HP: 18/18 MP: 1/1
   305 | D:1      | Reached XP level 2. HP: 24/25 MP: 3/3
   721 | D:1      | Reached skill level 3 in Axes
  1253 | D:2      | Noticed an ogre
  1266 | D:2      | Found a stormy altar of Qazlal.
  1276 | D:2      | Slain by an ogre

Skill      XL: |  1  2 |
---------------+-------+-----
Axes           | 3 |  3.2
Fighting       | |  2.8
Throwing       | |  1.0
Armour         | |  1.9
Dodging        | |  2.5
Spellcasting   | |  1.3
Translocations | |  2.1

Action                   || total
-------------------------++-------
Melee: Hand axe          ||    54
       Headbutt          ||     6
Throw: Tomahawk          ||     5
  Eat: Chunk             ||     1
Armor: Leather armour    ||     7
       Ring mail         ||     2
Dodge: Dodged            ||    35
